PA
PHOENIX HOTSPUR U-21 @ VALLEY BLUE SOX
08/09/2033
 
TOP OF THE 1ST
Phoenix Hotspur U-21 batting - Pitching for Valley Blue Sox : RHP Jordan Guérin
Pitching: RHP Jordan Guérin
Batting: RHB Alberto Ramírez 0-0: Ball
1-0: Called Strike
1-1: Ball
2-1: Foul Ball, location: 2F
2-2: SINGLE (Line Drive, 34D)
Batting: RHB Lee Cooper 0-0: Ball
1-0: Ball
2-0: Called Strike
2-1: SINGLE (Line Drive, 8LS)
Alberto Ramírez to second
Batting: LHB Dinand Rehling 0-0: Foul Ball, location: 2F
0-1: Ball
1-1: Foul Ball, location: 2F
1-2: Strikes out swinging
Batting: RHB Jonas van Claveren 0-0: Ball
1-0: Ball
2-0: Ball
3-0: Base on Balls
Alberto Ramírez to third
Lee Cooper to second
Batting: RHB Denny Pickett 0-0: Grounds into double play, 5-4-3 (Groundball, 56)
Top of the 1st over - 0 runs, 2 hits, 0 errors, 2 left on base; Phoenix 0 - Valley 0
BOTTOM OF THE 1ST
Valley Blue Sox batting - Pitching for Phoenix Hotspur U-21 : RHP Benjie Cacdac
Pitching: RHP Benjie Cacdac
Batting: RHB Grady Harris 0-0: Ball
1-0: Ball
2-0: TRIPLE (Groundball, 3L)
Batting: RHB Spartak Gonjarov 0-0: Ground out 5-3 (Groundball, 56)
Grady Harris scores
Batting: RHB Rob Brooks 0-0: SINGLE (Groundball, 56) (infield hit)
Batting: RHB Mark Lizárraga 0-0: Called Strike
0-1: Ball
1-1: Fly out, F7 (Flyball, 7D)
Batting: RHB Roy Burns 0-0: Called Strike
0-1: Called Strike
0-2: Ball
1-2: Strikes out looking
Bottom of the 1st over - 1 run, 2 hits, 0 errors, 1 left on base; Phoenix 0 - Valley 1
TOP OF THE 2ND
Phoenix Hotspur U-21 batting - Pitching for Valley Blue Sox : RHP Jordan Guérin
Batting: RHB Jeff Oglethorpe 0-0: Foul Ball, location: 2F
0-1: Ball
1-1: Ball
2-1: Ball
3-1: Base on Balls
Batting: RHB Brad Lamb 0-0: Ball
1-0: Ball
2-0: Called Strike
2-1: SINGLE (Line Drive, 78S)
Jeff Oglethorpe to second
Batting: RHB Tyler Hannah 0-0: Ball
1-0: Ball
2-0: Ground out 5-3 (Groundball, 56S)
Jeff Oglethorpe to third
Brad Lamb to second
Batting: RHB Wilbert Hall 0-0: Called Strike
0-1: Foul Ball, location: 2F
0-2: Foul Ball, location: 2F
0-2: Strikes out swinging
Batting: RHB Alberto Ramírez 0-0: Called Strike
0-1: Called Strike
0-2: Ball
1-2: Strikes out swinging
Top of the 2nd over - 0 runs, 1 hit, 0 errors, 2 left on base; Phoenix 0 - Valley 1
BOTTOM OF THE 2ND
Valley Blue Sox batting - Pitching for Phoenix Hotspur U-21 : RHP Benjie Cacdac
Batting: RHB Dallas Jiménez 0-0: Swinging Strike
0-1: SINGLE (Flyball, 7S)
Batting: RHB Melvin Daniels 0-0: Called Strike
0-1: Ball
1-1: Foul Ball, location: 2F
1-2: Ball
2-2: Hit by Pitch
Dallas Jiménez to second
Batting: SHB Donnie Magee 0-0: Called Strike
0-1: Called Strike
0-2: Ball
1-2: Ball
2-2: Fielders Choice at 2nd, 3-6 (Groundball, 34)
Dallas Jiménez to third
Batting: LHB Stuart Janssen 0-0: Called Strike
0-1: Ball
1-1: Ball
2-1: Ball
3-1: Foul Ball, location: 2F
3-2: Fly out, F8 (Line Drive, 78S)
Runner from 3rd tags up, SCORES, no throw
Batting: RHB Grady Harris 0-0: Ball
1-0: Called Strike
1-1: Ball
2-1: Ball
3-1: Fly out, F6 (Line Drive, 6M)
Bottom of the 2nd over - 1 run, 1 hit, 0 errors, 1 left on base; Phoenix 0 - Valley 2
TOP OF THE 3RD
Phoenix Hotspur U-21 batting - Pitching for Valley Blue Sox : RHP Jordan Guérin
Batting: RHB Lee Cooper 0-0: SINGLE (Groundball, 4MD)
Batting: LHB Dinand Rehling 0-0: Swinging Strike
0-1: Ball
1-1: Swinging Strike
1-2: Foul Ball, location: 2F
1-2: Ball
2-2: Ball
3-2: Foul Ball, location: 2F
3-2: Base on Balls
Lee Cooper to second
Batting: RHB Jonas van Claveren 0-0: Called Strike
0-1: Foul Ball, location: 2F
0-2: Ball
1-2: Grounds into double play, 6-4-3 (Groundball, 6)
Lee Cooper to third
Batting: RHB Denny Pickett 0-0: Called Strike
0-1: Foul Ball, location: 2F
0-2: Ground out 5-3 (Groundball, 56)
Top of the 3rd over - 0 runs, 1 hit, 0 errors, 1 left on base; Phoenix 0 - Valley 2
BOTTOM OF THE 3RD
Valley Blue Sox batting - Pitching for Phoenix Hotspur U-21 : RHP Benjie Cacdac
Batting: RHB Spartak Gonjarov 0-0: Called Strike
0-1: Called Strike
0-2: Foul Ball, location: 2F
0-2: Ball
1-2: SINGLE (Line Drive, 4D)
Batting: RHB Rob Brooks 0-0: Called Strike
0-1: Ball
1-1: Ball
2-1: Fly out, F7 (Flyball, 7LMF)
Batting: RHB Mark Lizárraga 0-0: Called Strike
0-1: SINGLE (Line Drive, 89S)
Spartak Gonjarov to second
Batting: RHB Roy Burns 0-0: Foul Ball, location: 2F
0-1: Grounds into double play, 6-4-3 (Groundball, 6)
Bottom of the 3rd over - 0 runs, 2 hits, 0 errors, 1 left on base; Phoenix 0 - Valley 2
TOP OF THE 4TH
Phoenix Hotspur U-21 batting - Pitching for Valley Blue Sox : RHP Jordan Guérin
Batting: RHB Jeff Oglethorpe 0-0: Ball
1-0: Foul Ball, location: 2F
1-1: Swinging Strike
1-2: Ground out 4-3 (Groundball, 4)
Batting: RHB Brad Lamb 0-0: Called Strike
0-1: Swinging Strike
0-2: Foul Ball, location: 2F
0-2: Foul Ball, location: 2F
0-2: Ground out U3 (Groundball, 34)
Batting: RHB Tyler Hannah 0-0: Foul Ball, location: 2F
0-1: Ball
1-1: Ball
2-1: Fly out, F6 (Line Drive, 6)
Top of the 4th over - 0 runs, 0 hits, 0 errors, 0 left on base; Phoenix 0 - Valley 2
BOTTOM OF THE 4TH
Valley Blue Sox batting - Pitching for Phoenix Hotspur U-21 : RHP Benjie Cacdac
Batting: RHB Dallas Jiménez 0-0: Called Strike
0-1: SOLO HOME RUN (Flyball, 7LD), Distance : 343 ft
Batting: RHB Melvin Daniels 0-0: Ball
1-0: Ball
2-0: Called Strike
2-1: Foul Ball, location: 2F
2-2: Fly out, F9 (Flyball, 9LDF)
Batting: SHB Donnie Magee 0-0: Ball
1-0: Foul Ball, location: 2F
1-1: Hit by Pitch
Batting: LHB Stuart Janssen 0-0: Ball
1-0: Ball
2-0: Fly out, F8 (Flyball, 78D)
Batting: RHB Grady Harris 0-0: Foul Ball, location: 2F
0-1: Swinging Strike
0-2: Ground out 4-3 (Groundball, 4)
Bottom of the 4th over - 1 run, 1 hit, 0 errors, 1 left on base; Phoenix 0 - Valley 3
TOP OF THE 5TH
Phoenix Hotspur U-21 batting - Pitching for Valley Blue Sox : RHP Jordan Guérin
Batting: RHB Wilbert Hall 0-0: Ball
1-0: Called Strike
1-1: Ball
2-1: Ground out 6-3 (Groundball, 6S)
Batting: RHB Alberto Ramírez 0-0: Ball
1-0: Ball
2-0: Called Strike
2-1: Swinging Strike
2-2: Strikes out looking
Batting: RHB Lee Cooper 0-0: Called Strike
0-1: Ball
1-1: Foul Ball, location: 2F
1-2: Ball
2-2: Ball
3-2: Fly out, F7 (Flyball, 7)
Top of the 5th over - 0 runs, 0 hits, 0 errors, 0 left on base; Phoenix 0 - Valley 3
BOTTOM OF THE 5TH
Valley Blue Sox batting - Pitching for Phoenix Hotspur U-21 : RHP Benjie Cacdac
Batting: RHB Spartak Gonjarov 0-0: Called Strike
0-1: Ball
1-1: Fly out, F4 (Popup, 3DF)
Batting: RHB Rob Brooks 0-0: Called Strike
0-1: Ball
1-1: Swinging Strike
1-2: Ball
2-2: Strikes out swinging
Batting: RHB Mark Lizárraga 0-0: Fly out, F7 (Flyball, 78D)
Bottom of the 5th over - 0 runs, 0 hits, 0 errors, 0 left on base; Phoenix 0 - Valley 3
TOP OF THE 6TH
Phoenix Hotspur U-21 batting - Pitching for Valley Blue Sox : RHP Jordan Guérin
Batting: LHB Dinand Rehling 0-0: Ground out U3 (Groundball, 3L)
Batting: RHB Jonas van Claveren 0-0: Ball
1-0: Called Strike
1-1: Ball
2-1: Ball
3-1: Foul Ball, location: 2F
3-2: SINGLE (Groundball, 6MD)
Batting: RHB Denny Pickett 0-0: Ball
1-0: Ball
2-0: Ball
3-0: Called Strike
3-1: Base on Balls
Jonas van Claveren to second
Batting: RHB Jeff Oglethorpe 0-0: Foul Ball, location: 2F
0-1: Called Strike
0-2: Grounds into double play, 1-6-3 (Groundball, 13S)
Top of the 6th over - 0 runs, 1 hit, 0 errors, 1 left on base; Phoenix 0 - Valley 3
BOTTOM OF THE 6TH
Valley Blue Sox batting - Pitching for Phoenix Hotspur U-21 : RHP Benjie Cacdac
Batting: RHB Roy Burns 0-0: Called Strike
0-1: Ball
1-1: Called Strike
1-2: Ball
2-2: Ground out 1-3 (Groundball, 13)
Batting: RHB Dallas Jiménez 0-0: Ball
1-0: Swinging Strike
1-1: Ball
2-1: Ball
3-1: Foul Ball, location: 2F
3-2: Foul Ball, location: 2F
3-2: Base on Balls
Batting: RHB Melvin Daniels 0-0: Called Strike
0-1: Ball
1-1: Foul Ball, location: 2F
1-2: Ball
2-2: DOUBLE (Line Drive, 7D)
Dallas Jiménez to third
Runner from 3rd tries for Home, SAFE, no throw
Batting: SHB Donnie Magee 0-0: Fly out, F9 (Flyball, 9LMF)
Batting: LHB Stuart Janssen 0-0: Swinging Strike
0-1: Ball
1-1: Ball
2-1: Ball
3-1: Base on Balls
Batting: RHB Grady Harris 0-0: Ball
1-0: Ball
2-0: SINGLE (Line Drive, 8LS)
Melvin Daniels to third
Stuart Janssen to second
Batting: RHB Spartak Gonjarov 0-0: Ball
1-0: Swinging Strike
1-1: Swinging Strike
1-2: Ball
2-2: Fly out, F9 (Flyball, 89D)
Bottom of the 6th over - 1 run, 2 hits, 0 errors, 3 left on base; Phoenix 0 - Valley 4
TOP OF THE 7TH
Phoenix Hotspur U-21 batting - Pitching for Valley Blue Sox : RHP Jordan Guérin
Batting: RHB Brad Lamb 0-0: Ball
1-0: Swinging Strike
1-1: Ball
2-1: Ball
3-1: Called Strike
3-2: SINGLE (Line Drive, 4D)
Batting: RHB Tyler Hannah 0-0: Called Strike
0-1: Ball
1-1: Called Strike
1-2: Ball
2-2: Strikes out swinging
Pitching: LHP Howard Tracy
Batting: RHB Wilbert Hall 0-0: Called Strike
0-1: Ball
1-1: Ball
2-1: Ball
3-1: Foul Ball, location: 2F
3-2: SINGLE (Line Drive, 6D)
Brad Lamb to second
Batting: RHB Alberto Ramírez 0-0: Ball
Brad Lamb steals 3rd base
Wilbert Hall to second
1-0: Fly out, F9 (Flyball, 9S)
Batting: RHB Lee Cooper 0-0: SINGLE (Line Drive, 3D)
Brad Lamb scores
Wilbert Hall to third
Runner from 3rd tries for Home, throw and OUT!
Top of the 7th over - 1 run, 3 hits, 0 errors, 1 left on base; Phoenix 1 - Valley 4
BOTTOM OF THE 7TH
Valley Blue Sox batting - Pitching for Phoenix Hotspur U-21 : RHP Benjie Cacdac
Batting: RHB Rob Brooks 0-0: Ball
1-0: Ball
2-0: Ground out 6-3 (Groundball, 6)
Batting: RHB Mark Lizárraga 0-0: Foul Ball, location: 2F
0-1: Called Strike
0-2: Ball
1-2: Ball
2-2: Ball
3-2: Base on Balls
Pitching: LHP Chris Stewart
Batting: RHB Roy Burns 0-0: Ball
1-0: Foul Ball, location: 2F
1-1: Grounds into double play, 6-4-3 (Groundball, 6)
Bottom of the 7th over - 0 runs, 0 hits, 0 errors, 0 left on base; Phoenix 1 - Valley 4
TOP OF THE 8TH
Phoenix Hotspur U-21 batting - Pitching for Valley Blue Sox : LHP Howard Tracy
Batting: LHB Dinand Rehling 0-0: Ball
1-0: Ball
2-0: Ball
3-0: Base on Balls
Batting: RHB Jonas van Claveren 0-0: Foul Ball, location: 2F
0-1: Ball
1-1: Called Strike
1-2: Fly out, F8 (Flyball, 8RD)
Batting: RHB Denny Pickett 0-0: Grounds out, U3 (Groundball, 3L)
Batting: RHB Jeff Oglethorpe 0-0: Ball
1-0: Ball
2-0: Ball
3-0: Base on Balls
Batting: RHB Brad Lamb 0-0: Called Strike
0-1: Ball
1-1: Ball
2-1: Ball
3-1: Foul Ball, location: 2F
3-2: SINGLE (Groundball, 34D)
Dinand Rehling to third
Jeff Oglethorpe to second
Dinand Rehling scores
Jeff Oglethorpe to third
Pitching: RHP Jen-ta Men
Batting: RHB Tyler Hannah 0-0: Ball
1-0: Foul Ball, location: 2F
1-1: Ball
2-1: SINGLE (Groundball, 6MD)
Jeff Oglethorpe scores
Brad Lamb to second
Runner from 2nd tries for 3rd, SAFE, no throw
Batting: RHB Wilbert Hall 0-0: Fly out, F3 (Line Drive, 3S)
Top of the 8th over - 2 runs, 2 hits, 0 errors, 2 left on base; Phoenix 3 - Valley 4
BOTTOM OF THE 8TH
Valley Blue Sox batting - Pitching for Phoenix Hotspur U-21 : LHP Chris Stewart
Batting: RHB Dallas Jiménez 0-0: Ball
1-0: Ball
2-0: Foul Ball, location: 2F
2-1: Ground out 6-3 (Groundball, 6MS)
Batting: RHB Melvin Daniels 0-0: Ball
1-0: Ball
2-0: Ball
3-0: Base on Balls
Batting: SHB Donnie Magee 0-0: Swinging Strike
0-1: Ball
1-1: Called Strike
1-2: Ball
2-2: Ball
3-2: Strikes out looking
Melvin Daniels steals 2nd base
Batter strikes out.
Batting: LHB Stuart Janssen 0-0: Ground out U3 (Groundball, 3)
Bottom of the 8th over - 0 runs, 0 hits, 0 errors, 1 left on base; Phoenix 3 - Valley 4
TOP OF THE 9TH
Phoenix Hotspur U-21 batting - Pitching for Valley Blue Sox : RHP Jen-ta Men
Pitching: RHP Tom Holloway
Now at C: Tomás Cameros
Now in CF: Jon Huband
Batting: RHB Alberto Ramírez 0-0: Ball
1-0: Foul Ball, location: 2F
1-1: Ball
2-1: Foul Ball, location: 2F
2-2: Strikes out swinging
Batting: RHB Lee Cooper 0-0: Ball
1-0: Called Strike
1-1: Ground out 4-3 (Groundball, 4)
Batting: LHB Dinand Rehling 0-0: Ball
1-0: Called Strike
1-1: Called Strike
1-2: Strikes out swinging
Top of the 9th over - 0 runs, 0 hits, 0 errors, 0 left on base; Phoenix 3 - Valley 4
Saturday, December 22nd, 2018 - OOTP Baseball 18.8 Build 76